 Dungeon Crawl Stone Soup version 0.30-b1-2-g02819fbbbe (webtiles) character file.

Game seed: 17549036461862237789

13137 Mesmaeker13 the Destroyer (level 12, -2/73 HPs)
             Began as a Tengu Reaver on June 4, 2023.
             Was a High Priest of Ru.
             Slain by a reaper
             ... wielding a +1 scythe of freezing
              (24 damage)
             ... in an ice cave.
             The game lasted 00:39:27 (14461 turns).

Mesmaeker13 the Destroyer (Tengu Reaver)           Turns: 14461, Time: 00:39:27

Health: -2/73      AC: 12    Str: 24    XL:     12   Next: 2%
Magic:  15/17      EV: 15    Int: 21    God:    Ru [*****.]
Gold:   478        SH:  0    Dex: 12    Spells: 11/17 levels left

rFire   x . .        a - +12 double sword of Ravage {drain, Str+3}
rCold   . . .        (no shield)
rNeg    . . .        w - +1 scale mail {rC+}
rPois   .            (helmet restricted)
rElec   .            n - +1 cloak
rCorr   .            e - +0 pair of gloves {hurl}
SInv    .            (boots unavailable)
Will    .....        i - amulet of the acrobat Stlth
                     c - +6 ring of strength
HPRegen 0.32/turn    G - +4 ring of protection
MPRegen 0.15/turn

%: acrobat
@: mighty, flying quickly and evasively, quick
A: beak, talons 3, no earth magic, no translocations magic, no transmutations
magic, unskilled 1, nimble flight, temperature sensitive, clever 1, deformed
body, strong 1
a: Renounce Religion, Draw Out Power, Power Leap, Apocalypse


You were in an ice cave.
You worshipped Ru.
Ru was extremely pleased with you.
You visited 2 branches of the dungeon, and saw 12 of its levels.
You also visited: Ice Cave.

You collected 681 gold pieces.
You spent 203 gold pieces at shops.

Inventory:

Hand Weapons
 a - the +12 double sword of Ravage (weapon) {drain, Str+3}
   (You acquired it on level 10 of the Dungeon)

   Str:       It affects your strength (+3).
 C - a +3 heavy long sword
Missiles
 K - a throwing net
Armour
 b - a +1 robe of resistance
 e - a +0 pair of gloves of hurling (worn)
 g - a +0 buckler
 k - a scarf of repulsion
 l - an orb of guile
 n - a +1 cloak (worn)
 w - a +1 scale mail of cold resistance (worn)
Jewellery
 c - a +6 ring of strength (left hand)
 i - an amulet of the acrobat (around neck)
 B - a ring of magical power
 G - a +4 ring of protection (right hand)
 N - an amulet of magic regeneration
Wands
 o - a wand of flame (15)
 s - a wand of charming (4)
 O - a wand of digging (7)
Scrolls
 f - a scroll of fog
 j - 2 scrolls of vulnerability
 q - 6 scrolls of teleportation
 t - 2 scrolls of noise
 v - a scroll of immolation
 x - a scroll of silence {unknown}
 A - 2 scrolls of torment
 D - a scroll of butterflies {unknown}
 E - a scroll of enchant weapon
 F - a scroll of enchant armour
 H - 2 scrolls of magic mapping
 I - a scroll of poison {unknown}
Potions
 d - 3 potions of curing
 h - a potion of attraction
 p - a potion of flight
 u - 2 potions of brilliance
 L - a potion of mutation
Miscellaneous
 M - a phial of floods


   Skills:
 + Level 8.1 Fighting
 + Level 9.3 Long Blades
 + Level 2.8 Armour
 - Level 8.3 Dodging
 + Level 3.0 Spellcasting
 - Level 10.2 Conjurations
 + Level 2.7 Necromancy
 + Level 6.1 Ice Magic


You had 11 spell levels left.
You knew the following spells:

 Your Spells              Type           Power      Damage    Failure   Level
a - Kiss of Death         Conj/Necr      100%       2d13      2%          1
b - Momentum Strike       Conj/Tloc      48%        3d9       6%          2
c - Hailstorm             Conj/Ice       37%        3d9       3%          3

Your spell library contained the following spells:

 Spells                   Type           Power      Damage    Failure   Level
 Magic Dart               Conj           100%       1d8       1%          1
 Searing Ray              Conj           92%        2d7       1%          2
 Vampiric Draining        Necr           14%        2d7       30%         3
 Slow                     Hex            12%        N/A       32%         1
 Fulminant Prism          Conj/Hex       12%        3d9       36%         4
 Confusing Touch          Hex            3%         N/A       67%         3
 Arcjolt                  Conj/Air       12%        1d22      73%         5
 Plasma Beam              Fire/Air       1%         2x1d12    100%        6
 Stone Arrow              Conj/Erth      Unusable   3d10      N/A         3
 Sandblast                Erth           Unusable   2d5       N/A         1
 Iskenderun's Mystic Bla  Conj/Tloc      Unusable   2d7       N/A         4
 Passwall                 Tmut/Erth      Unusable   N/A       N/A         2
 Gell's Gravitas          Tloc           Unusable   N/A       N/A         3
 Teleport Other           Tloc           Unusable   N/A       N/A         3
 Vhi's Electric Charge    Tloc/Air       Unusable   N/A       N/A         3
 Volatile Blastmotes      Fire/Tloc      Unusable   2d10      N/A         3
 Lee's Rapid Deconstruct  Erth           Unusable   3d4*      N/A         5
 Dispersal                Tloc           Unusable   N/A       N/A         6

Dungeon Overview and Level Annotations

Branches:
Dungeon (11/15)            Temple (1/1) D:5            Lair (0/5) D:9
    Orc (0/2) D:9           IceCv (1/1)

Altars:
Ashenzari
Cheibriados
Dithmenos
Elyvilon
Fedhas
Gozag
Hepliaklqana
Kikubaaqudgha
Makhleb
Nemelex Xobeh
Okawaru
Qazlal
Ru
Sif Muna
Trog
Uskayaw
Vehumet
Wu Jian
Xom
Yredelemnul
Zin
The Shining One

Shops:
D:9 *

Annotations:
D:5 3 runed translucent doors, caveywoolpert's ghost, amateur GrEE
D:6 1 runed translucent door, raph's ghost, novice MiFi
D:8 exclusion: ice statue


Innate Abilities, Weirdness & Mutations

You have a beak for a mouth.
You have claws for feet.
You cannot study or cast Earth magic.
You cannot study or cast Translocations magic.
You cannot study or cast Transmutations magic.
You are somewhat unskilled. (-1 Apt)
Your magical nature lets you fly swiftly and evasively.
You are sensitive to extremes of temperature. (rF-, rC-)
Your mind is acute. (Int +4, Str/Dex -1)
Armour fits poorly on your strangely shaped body.
Your muscles are strong. (Str +4, Int/Dex -1)


Message History

Aim: a reaper, wielding a +1 scythe of freezing, wearing a +1 robe of cold resistance and wearing a ring of ice (lightly wounded, 68% to hit)
The puff of flame hits the reaper but does no damage.
The reaper is lightly wounded.
Casting: Hailstorm (dangerous; 3% risk of failure)
Confirm with . or Enter, or press ? or * to list all spells.
Casting: Hailstorm (dangerous; 3% risk of failure)
Press: ? - help, Dir - look around, f - activate A cannonade of hail descends around you!
The hail misses the reaper.
The hail pelts the ice devil!
The ice devil partially resists.
The ice devil is lightly wounded.
The reaper barely misses you.
Unknown command.
Unknown command.
You slash the ice devil!
You peck the ice devil, but do no damage.
The ice devil is moderately wounded.
The reaper hits you from afar with a +1 scythe of freezing!!
The reaper freezes you! The ice devil misses you.
You slash the ice devil! You claw the ice devil!!
The ice devil is almost dead.
The reaper closely misses you. The ice devil barely misses you.
You closely miss the ice devil.
You claw the ice devil, but do no damage.
You peck the ice devil, but do no damage.
The ice devil is almost dead.
The reaper hits you from afar with a +1 scythe of freezing!
The reaper freezes you. The ice devil closely misses you.
You barely miss the ice devil.
You claw the ice devil, but do no damage.
You peck the ice devil.
You kill the ice devil!
The reaper hits you from afar with a +1 scythe of freezing!
The reaper freezes you. The reaper closely misses you.
You slash the reaper! Your kick misses the reaper.
You peck the reaper, but do no damage.
The reaper is moderately wounded.
The reaper hits you with a +1 scythe of freezing!!
You die...

#......## ##...#
#.......####..## ## ..
##.§##§##..#### #.. #.
#...☼#☼°#..#..##
#..#.##.#..§§§§..#...##
.#..#.#..##§.#§#.......#
.#........○°#○.###.°.##..#
...............# #..###...
#..####2@.#...# ##.#.##..
#.○.°.....#§§§# ##....#..
#.☼......#§§☼###....##..
#○.○#..###☼§§○##....#..#
##..#.##.§§§°.##)..##..#
#. #.#.☼§§§#..##..#..##
..§§§☼§###..####..#
...§○...# #...###.##
#..☼§§§§## ##..#..##


You could see a reaper.

Vanquished Creatures
  2 two-headed ogres
  Pikel (D:9)
  2 ice statues (IceCv)
  Maurice (D:9)
  2 unseen horrors
  A komodo dragon (D:10)
  Psyche (D:11)
  A freezing wraith (IceCv)
  5 ice devils (IceCv)
  A troll (D:9)
  A hornet (D:9)
  Grinder (D:6)
  Sigmund (D:4)
  A shadow (D:10)
  3 yaks
  A wraith (D:9)
  2 death yak simulacra (IceCv)
  Edmund (D:6)
  A hydra simulacrum (IceCv)
  A water moccasin (D:8)
  Duvessa (D:4)
  An ice beast (D:5)
  3 sky beasts (D:7)
  4 orc warriors
  A black bear (D:4)
  2 ogres (D:10)
  9 centaurs
  2 phantoms
  2 kobold brigands (D:8)
  3 bullfrogs (D:7)
  3 gnoll sergeants
  3 two-headed ogre simulacra (IceCv)
  A scorpion (D:6)
  21 wights
  Dowan (D:4)
  An elephant simulacrum (IceCv)
  4 howler monkeys (D:8)
  3 hounds
  Crazy Yiuf (D:4)
  8 orc priests
  A jelly (D:7)
  A sleepcap (D:6)
  2 gnoll boudas
  3 iguanas (D:5)
  6 orc wizards
  A polar bear simulacrum (IceCv)
  3 spriggan simulacra (IceCv)
  A troll simulacrum (IceCv)
  A wolf simulacrum (IceCv)
  18 gnolls
  10 adders
  A naga simulacrum (IceCv)
  3 shadow imps
  14 white imps
  2 ufetubi
  4 worms
  3 dart slugs
  57 orcs
  6 ball pythons
  2 endoplasms (D:4)
  7 giant cockroaches
  8 goblins
  5 hobgoblins
  6 jackals
  7 quokkas
  5 bats
  8 frilled lizards
  15 kobolds
  7 rats
311 creatures vanquished.

Vanquished Creatures (collateral kills)
  A two-headed ogre (D:9)
1 creature vanquished.

Vanquished Creatures (others)
  A harpy simulacrum (IceCv)
  A wight (D:9)
  A gnoll (D:6)
  A white imp (D:11)
  A kobold (D:9)
  7 fungi (D:9)
  5 plants (D:9)
  2 withered plants (D:6)
19 creatures vanquished.

Grand Total: 331 creatures vanquished

Notes
Turn   | Place    | Note
-------+----------+-------------------------------------------
     0 | D:1      | Mesmaeker13 the Tengu Reaver began the quest for the Orb.
     0 | D:1      | Reached XP level 1. HP: 12/12 MP: 4/4
   201 | D:1      | Reached XP level 2. HP: 17/17 MP: 6/6
   480 | D:1      | Reached XP level 3. HP: 22/22 MP: 7/7
  1511 | D:2      | Reached XP level 4. HP: 23/23 MP: 6/8
  1562 | D:2      | Learned a level 2 spell: Momentum Strike
  2288 | D:3      | Found an iron altar of Okawaru.
  2318 | D:3      | Identified the +0 ring mail of Giucvof {rCorr Dex+3}
  2897 | D:3      | Gained mutation: Your magical nature lets you fly swiftly
                  | and evasively. [Tengu growth]
  2897 | D:3      | Reached XP level 5. HP: 14/32 MP: 9/9
  3032 | D:4      | Found a runed translucent door.
  3033 | D:4      | Noticed Crazy Yiuf
  3039 | D:4      | HP: 1/25 [Crazy Yiuf/+4 quarterstaff of chaos (5)]
  3040 | D:4      | Killed Crazy Yiuf
  3041 | D:4      | Reached skill level 5 in Conjurations
  3181 | D:4      | Reached skill level 1 in Translocations
  3198 | D:4      | Noticed a black bear
  3281 | D:4      | Noticed Dowan
  3294 | D:4      | Killed Dowan
  3410 | D:4      | Reached XP level 6. HP: 16/29 MP: 8/10
  3420 | D:4      | Learned a level 3 spell: Stone Arrow
  3440 | D:5      | Entered Level 5 of the Dungeon
  3444 | D:5      | Found a shimmering blue altar of Sif Muna.
  3514 | D:5      | Noticed an ice beast
  3532 | D:5      | Killed an ice beast
  3713 | D:5      | Found a runed translucent gate.
  3713 | D:5      | Found a runed translucent gate.
  3713 | D:5      | Found a runed translucent gate.
  3714 | D:5      | Noticed caveywoolpert's ghost (amateur GrEE)
  3742 | D:5      | Reached XP level 7. HP: 41/42 MP: 11/11
  3797 | D:5      | Found an ancient bone altar of Kikubaaqudgha.
  3819 | D:5      | Found a staircase to the Ecumenical Temple.
  3828 | D:5      | Reached skill level 5 in Long Blades
  3838 | Temple   | Entered the Ecumenical Temple
  3890 | D:5      | Reached skill level 6 in Conjurations
  3971 | D:5      | Found a sacrificial altar of Ru.
  3991 | D:5      | Became a worshipper of Ru the Awakened
  4644 | D:6      | Reached skill level 5 in Dodging
  4672 | D:6      | Learned a level 3 spell: Hailstorm
  4784 | D:6      | Reached XP level 8. HP: 38/43 MP: 12/12
  4980 | D:6      | Found a runed translucent door.
  4981 | D:6      | Noticed raph's ghost (novice MiFi)
  5011 | D:6      | Reached skill level 7 in Conjurations
  5011 | D:6      | Reached skill level 1 in Ice Magic
  5080 | D:6      | Noticed Edmund
  5085 | D:6      | Killed Edmund
  5326 | D:6      | Reached skill level 5 in Fighting
  5372 | D:6      | Noticed Grinder
  5390 | D:6      | Killed Grinder
  5677 | D:7      | Gained mutation: You are sensitive to extremes of
                  | temperature. (rF-, rC-) [Ru sacrifice]
  5677 | D:7      | Reached * piety under Ru
  5677 | D:7      | Reached ** piety under Ru
  5817 | D:7      | Reached XP level 9. HP: 54/54 MP: 13/13
  5844 | D:7      | Reached skill level 8 in Conjurations
  7172 | D:7      | Found a burning altar of Makhleb.
  7172 | D:7      | Found a basalt altar of Yredelemnul.
  7255 | D:7      | Reached skill level 9 in Conjurations
  7684 | D:4      | Noticed Sigmund
  7692 | D:4      | Killed Sigmund
  7790 | D:4      | Noticed Duvessa
  7799 | D:4      | Killed Duvessa
  8070 | D:4      | Found a glowing silver altar of Zin.
  8072 | D:4      | Found a white marble altar of Elyvilon.
  8073 | D:4      | Found a glowing golden altar of the Shining One.
  8322 | D:4      | Reached XP level 10. HP: 55/61 MP: 14/14
  8859 | D:8      | Noticed a two-headed ogre
  9184 | D:8      | Noticed a two-headed ogre
  9351 | D:8      | Gained mutation: You cannot study or cast Earth magic. [Ru
                  | sacrifice]
  9351 | D:8      | Gained mutation: You cannot study or cast Transmutations
                  | magic. [Ru sacrifice]
  9351 | D:8      | Gained mutation: You cannot study or cast Translocations
                  | magic. [Ru sacrifice]
  9351 | D:8      | Reached *** piety under Ru
  9452 | D:9      | Noticed Pikel
  9521 | D:9      | Found Omonog's Assorted Antiques.
  9522 | D:9      | Noticed a two-headed ogre
  9817 | D:9      | Killed Pikel
  9823 | D:9      | Reached skill level 10 in Conjurations
  9823 | D:9      | Reached skill level 5 in Ice Magic
 10103 | D:8      | Noticed an ice statue
 10388 | D:9      | Killed a two-headed ogre
 10426 | D:9      | Reached XP level 11. HP: 68/68 MP: 15/15
 10534 | D:9      | Noticed a two-headed ogre
 10550 | D:9      | Killed a two-headed ogre
 10786 | D:9      | Noticed Maurice
 10924 | D:9      | Killed Maurice
 11012 | D:9      | Found a staircase to the Orcish Mines.
 11083 | D:9      | Found a staircase to the Lair.
 11461 | D:10     | Entered Level 10 of the Dungeon
 11470 | D:10     | Reached skill level 11 in Conjurations
 11584 | D:10     | Found a blossoming altar of Fedhas.
 11585 | D:10     | Found a bloodstained altar of Trog.
 11740 | D:10     | Identified a scroll of acquirement
 11741 | D:10     | Acquired the +12 double sword of Ravage {drain, Str+3}
 11998 | D:10     | Gained mutation: You are somewhat unskilled. (-1 Apt) [Ru
                  | sacrifice]
 11998 | D:10     | Reduced skill Spellcasting to level 1
 11998 | D:10     | Reduced skill Conjurations to level 10
 11998 | D:10     | Reduced skill Ice Magic to level 5
 11998 | D:10     | Reached **** piety under Ru
 11998 | D:10     | Reached ***** piety under Ru
 12044 | D:9      | Bought a shiny scale mail for 203 gold pieces
 12657 | D:11     | Noticed Psyche
 12664 | D:11     | Killed Psyche
 12682 | D:11     | Reached skill level 1 in Armour
 12704 | D:11     | Noticed a two-headed ogre
 12718 | D:11     | Killed a two-headed ogre
 12719 | D:11     | Reached skill level 1 in Necromancy
 12721 | D:11     | Found a frozen archway.
 12748 | IceCv    | Entered an ice cave
 12837 | IceCv    | HP: 1/68 [two-headed ogre simulacrum (10)]
 13493 | IceCv    | Gained mutation: Your muscles are strong. (Str +4, Int/Dex
                  | -1) [potion of mutation]
 13493 | IceCv    | Gained mutation: Armour fits poorly on your strangely
                  | shaped body. [potion of mutation]
 13493 | IceCv    | Gained mutation: Your mind is acute. (Int +4, Str/Dex -1)
                  | [potion of mutation]
 13579 | IceCv    | HP: 3/68 [ice devil (23)]
 14167 | IceCv    | Reached XP level 12. HP: 34/73 MP: 17/17
 14446 | IceCv    | Noticed a reaper
 14461 | IceCv    | Slain by a reaper

Illustrated notes

Levels and vault maps discovered:
D:1:      nagdon_arrival_zigzag_paths, layout_basic,
          corexii_item_surrounded_by_moat
D:2:      layout_loops_corners, hangedman_decor_growths, minmay_split_cup_large
D:3:      layout_basic, amcnicky_altar_gilded
D:4:      layout_basic, good_gods_temple_1, minivault_11, st_stairs_10,
          uniq_crazy_yiuf_cottage, uniq_duvessa, uniq_sigmund
D:5:      layout_rooms, mainiacjoe_overflow_surrounded_room,
          mainiacjoe_overflow_large_starburst,
          minmay_temple_entry_gardened_gates, gammafunk_ghost_nasty_kobolds
D:6:      layout_loops_ring, gammafunk_ghost_grave, minmay_fountain_box,
          uniq_edmund, uniq_grinder
D:7:      layout_layer_cave, gammafunk_temple_overflow_elements
D:8:      cheibrodos_frozen_isle, layout_loops_ring
D:9:      layout_rooms, dpeg_oklobed_lair, hiddenorc2_lemuel, serial_shops,
          shop, minmay_fractal_squares_gapless_5, uniq_pikel, uniq_maurice
D:10:     layout_loops_corners, gammafunk_temple_overflow_pools,
          bh_walls_and_bars
D:11:     layout_stronghold, portal_ice_cave_entry_imps,
          yredelemnul_altar_generic, uniq_lodul, uniq_psyche
Temple:   minmay_freezing_vapour_temple
IceCv:    ice_cave_small_demon

Skill      XL: |  1  2  3  4  5  6  7  8  9 10 11 12 |
---------------+-------------------------------------+-----
Dodging        | 3 4 5 6 7 8 8 |  8.3
Long Blades    | 4 5 6 7 8 9 |  9.3
Fighting       | 3 4 5 6 7 8 |  8.1
Conjurations   | 5 6 7 9 10 10 | 10.2
Translocations | 1 0 |  0.0
Ice Magic      | 2 4 5 6 |  6.1
Spellcasting   | 2 3 |  3.0
Armour         | 2 |  2.8
Necromancy     | 2 |  2.7

Action                     |  1- 3 |  4- 6 |  7- 9 | 10-12 || total
---------------------------+-------+-------+-------+-------++-------
  Melee: Falchion          |   106 |    50 |       |       ||   156
         Peck              |    17 |    24 |    56 |    56 ||   153
         Kick              |    13 |    35 |    93 |    94 ||   235
         Short sword       |       |    54 |       |       ||    54
         Long sword        |       |    22 |   293 |   187 ||   502
         Punch             |       |     2 |     5 |     3 ||    10
         Double sword      |       |       |       |   133 ||   133
   Cast: Kiss of Death     |     1 |     3 |     3 |     2 ||     9
         Momentum Strike   |       |     1 |     2 |       ||     3
         Hailstorm         |       |       |     6 |    18 ||    24
 Invoke: Sacrifice Resista |       |       |     1 |       ||     1
         Sacrifice Arcana  |       |       |       |     1 ||     1
         Sacrifice Skill   |       |       |       |     1 ||     1
  Evoke: Wand              |       |       |     3 |    29 ||    32
         Phial of floods   |       |       |       |     1 ||     1
    Use: Scroll            |       |     2 |     4 |    14 ||    20
         Potion            |       |       |     3 |    10 ||    13
   Stab: Sleeping          |       |     1 |       |       ||     1
         Invisible         |       |       |     2 |     1 ||     3
         Distracted        |       |       |       |     2 ||     2
         Paralysed         |       |       |       |     1 ||     1
 Armour: Leather armour    |    23 |     8 |       |       ||    31
         Ring mail         |       |    21 |    68 |    55 ||   144
         Scale mail        |       |       |       |    51 ||    51
  Dodge: Dodged            |    64 |    85 |   240 |   259 ||   648
